[Event "Norwegian Championship Elite 2022"]
[Site "Kongsvinger"]
[Date "2022.07.10"]
[Round "3.4"]
[White "Abdrlauf, Elham"]
[Black "Urkedal, Frode Olav Olsen"]
[Result "1/2-1/2"]
[ECO "A07"]
[WhiteElo "2466"]
[BlackElo "2555"]
[Annotator "TA"]
[PlyCount "76"]
[EventDate "2022.07.08"]
[EventCountry "NOR"]
[SourceTitle "playchess.com"]
[Source "ChessBase"]
[SourceQuality "1"]
[TimeControl "40/5400+30:1800+30"]

1. Nf3 d5 2. g3 g6 3. Bg2 Bg7 4. O-O e5 5. d3 Nc6 {[%emt 0:01:09] The position is equal.} 6. c4 {[%emt 0:02:36] A07: Réti Opening: New York and Capablanca Systems.} dxc4 7. dxc4 Qxd1 8. Rxd1 e4 9. Ng5 f5 10. Nc3 Bxc3 11. bxc3 h6 12. Nh3 g5 {[%emt 0:03:52] Against Nf4} 13. f3 Nf6 14. Nf2 Bd7 15. fxe4 {[%emt 0:07:59] [#]} Nxe4 $146 ({Predecessor:} 15... fxe4 16. Nxe4 Nxe4 17. Bxe4 O-O-O 18. Bf3 Rde8 19. Rb1 g4 20. Bxc6 Bxc6 21. Rb2 h5 {½-½ (68) Owens,J (2113)-Burmeister,F ICCF email 2016}) 16. Nxe4 fxe4 17. Be3 O-O-O 18. Bd4 ({Don't play} 18. Bxe4 Rhe8 19. Bxc6 Rxe3 $15) 18... Nxd4 19. Rxd4 Bc6 20. Rf1 Rde8 21. Rf6 Kb8 22. Bh3 a6 23. Be6 Ref8 24. Rxf8+ Rxf8 25. Bd5 Bxd5 26. cxd5 $11 {[%emt 0:00:06][%mdl 4096] Endgame KR-KR} e3 27. Re4 Rd8 28. c4 b5 29. cxb5 axb5 30. Re5 Kb7 31. Kg2 Ra8 32. d6 cxd6 33. Rxb5+ Kc6 34. Rb3 Rxa2 35. Kf3 h5 36. Rb8 Ra5 37. h3 Rf5+ 38. Kxe3 Re5+ {[%emt 0:00:05] An uneventful encounter.  Weighted Error Value: White=0.02 (flawless) /Black=0.01 (flawless)} 1/2-1/2